[Event "2nd Irena Warakomska Memorial-A"]
[Site "Suwalki"]
[Date "2018.08.01"]
[Round "1"]
[White "Czarnota, Pawel"]
[Black "Bugalski, Michal"]
[Result "1-0"]
[ECO "C24"]
[WhiteElo "2548"]
[BlackElo "2263"]
[Annotator "RC"]
[PlyCount "29"]
[EventDate "2018.08.01"]
[EventType "swiss"]
[EventCountry "POL"]
[SourceTitle "playchess.com"]
[Source "ChessBase"]
[SourceQuality "1"]
[TimeControl "40/5400+30:1800+30"]

1. e4 e5 2. Bc4 Nf6 3. d3 c6 4. Nf3 d5 5. Bb3 Bd6 6. O-O d4 7. Nbd2 Bg4 8. h3 Bh5 9. g4 Bg6 10. Nc4 h5 11. g5 Nh7 12. Ncxe5 h4 13. Nxg6 fxg6 14. Nxd4 Nxg5 15. Qg4 1-0

[Event "2nd Irena Warakomska Memorial-A"]
[Site "Suwalki"]
[Date "2018.08.01"]
[Round "1"]
[White "Yevseev, Denis"]
[Black "Bukojemski, Adam"]
[Result "1/2-1/2"]
[ECO "A80"]
[WhiteElo "2513"]
[BlackElo "2233"]
[Annotator "RC"]
[PlyCount "53"]
[EventDate "2018.08.01"]
[EventType "swiss"]
[EventCountry "POL"]
[SourceTitle "playchess.com"]
[Source "ChessBase"]
[SourceQuality "1"]
[TimeControl "40/5400+30:1800+30"]

1. d4 f5 2. Bf4 Nf6 3. e3 d6 4. h3 g6 5. Bc4 Bg7 6. Nf3 e6 7. a4 O-O 8. Nc3 Kh8 9. Qe2 Nc6 10. O-O-O Qe7 11. g4 Ne4 12. gxf5 Nxc3 13. bxc3 Rxf5 14. Bd3 Rh5 15. h4 e5 16. Bg5 Qf7 17. d5 Na5 18. e4 Bg4 19. Nxe5 Bxe5 20. Qxg4 Qxf2 21. Qd7 Qc5 22. Bd8 Nb3+ 23. cxb3 Qxc3+ 24. Bc2 Qb2+ 25. Kd2 Qc3+ 26. Kc1 Qb2+ 27. Kd2 1/2-1/2

[Event "2nd Irena Warakomska Memorial-A"]
[Site "Suwalki"]
[Date "2018.08.01"]
[Round "1"]
[White "Rahul, Srivatshav P"]
[Black "Zgadzaj, Rafal"]
[Result "1-0"]
[ECO "A88"]
[WhiteElo "2388"]
[BlackElo "2154"]
[Annotator "NA"]
[PlyCount "71"]
[EventDate "2018.08.01"]
[EventType "swiss"]
[EventCountry "POL"]
[SourceTitle "playchess.com"]
[Source "ChessBase"]
[SourceQuality "1"]
[TimeControl "40/5400+30:1800+30"]

1. d4 g6 2. c4 Bg7 3. Nf3 f5 4. g3 d6 5. Bg2 Nf6 6. O-O O-O 7. Nc3 c6 8. b3 Na6 9. Re1 Qe8 10. Ba3 b5 11. cxb5 cxb5 12. Ng5 Rb8 13. Nd5 b4 14. Bb2 e6 15. Nxf6+ Bxf6 16. Qd2 Qe7 17. h4 Bd7 18. e4 fxe4 19. Nxe4 Bg7 20. Ng5 Qf6 21. Ne4 Qe7 22. Ng5 Qf6 23. Rac1 h6 24. Ne4 Qe7 25. d5 Bxb2 26. Qxb2 e5 27. f4 Rbe8 28. fxe5 Qxe5 29. Qxe5 dxe5 30. Bf1 Nb8 31. Rc7 Rc8 32. Rec1 Kh8 33. d6 a5 34. Bb5 Bf5 35. Nf6 Rxc7 36. dxc7 1-0

[Event "2nd Irena Warakomska Memorial-A"]
[Site "Suwalki"]
[Date "2018.08.01"]
[Round "1"]
[White "Roy, Prantik"]
[Black "Praczukowski, Stanislaw"]
[Result "1-0"]
[ECO "A45"]
[WhiteElo "2377"]
[BlackElo "2136"]
[Annotator "NA"]
[PlyCount "63"]
[EventDate "2018.08.01"]
[EventType "swiss"]
[EventCountry "POL"]
[SourceTitle "playchess.com"]
[Source "ChessBase"]
[SourceQuality "1"]
[TimeControl "40/5400+30:1800+30"]

1. d4 Nf6 2. Bg5 Ne4 3. Bf4 c5 4. f3 Qa5+ 5. c3 Nf6 6. d5 Qb6 7. Bc1 d6 8. e4 g6 9. c4 Bg7 10. Nc3 O-O 11. Bd3 e6 12. Nge2 exd5 13. exd5 Nbd7 14. f4 a6 15. O-O Qc7 16. a4 Re8 17. h3 Rb8 18. Qc2 Nf8 19. Ng3 Bd7 20. f5 b5 21. Bg5 bxc4 22. Bxc4 Rb4 23. b3 h6 24. Bxh6 Bxh6 25. fxg6 Be3+ 26. Kh1 Bd4 27. gxf7+ Kxf7 28. Nh5 Re3 29. Nxf6 Bxf6 30. Qf2 Rxc3 31. Qxf6+ Ke8 32. Qxf8# 1-0

[Event "2nd Irena Warakomska Memorial-A"]
[Site "Suwalki"]
[Date "2018.08.01"]
[Round "1"]
[White "Oglaza, Oskar"]
[Black "Kuchava, Ana"]
[Result "1-0"]
[ECO "A13"]
[WhiteElo "2364"]
[BlackElo "2124"]
[Annotator "NA"]
[PlyCount "69"]
[EventDate "2018.08.01"]
[EventType "swiss"]
[EventCountry "POL"]
[SourceTitle "playchess.com"]
[Source "ChessBase"]
[SourceQuality "1"]
[TimeControl "40/5400+30:1800+30"]

1. c4 e6 2. g3 d5 3. Bg2 Nf6 4. Nf3 c6 5. b3 Nbd7 6. Bb2 Bd6 7. d4 O-O 8. O-O Re8 9. Nc3 dxc4 10. bxc4 e5 11. e3 exd4 12. exd4 Nf8 13. Qb3 Qb6 14. Qc2 Qa5 15. Rad1 Be6 16. Nd2 Bf5 17. Qb3 Qb4 18. c5 Qxb3 19. axb3 Be7 20. Nc4 Rad8 21. b4 Be6 22. Na5 Rb8 23. b5 Bd8 24. Nxb7 cxb5 25. Nd6 Re7 26. d5 Bg4 27. f3 b4 28. fxg4 bxc3 29. Bxc3 Nxg4 30. Nf5 Re3 31. Nxe3 Nxe3 32. Rb1 Rc8 33. c6 Nxf1 34. Kxf1 Be7 35. Bh3 1-0

[Event "2nd Irena Warakomska Memorial-A"]
[Site "Suwalki"]
[Date "2018.08.01"]
[Round "1"]
[White "Kosakowski, Jakub"]
[Black "Jankowiak, Tomasz"]
[Result "1-0"]
[ECO "B94"]
[WhiteElo "2361"]
[BlackElo "2117"]
[Annotator "NA"]
[PlyCount "45"]
[EventDate "2018.08.01"]
[EventType "swiss"]
[EventCountry "POL"]
[SourceTitle "playchess.com"]
[Source "ChessBase"]
[SourceQuality "1"]
[TimeControl "40/5400+30:1800+30"]

1. e4 c5 2. Nf3 d6 3. d4 cxd4 4. Nxd4 Nf6 5. Nc3 a6 6. Bg5 Nbd7 7. Bc4 Qb6 8. O-O Qxb2 9. Nd5 Nxd5 10. Rb1 Qc3 11. Bxd5 Nc5 12. Re1 h6 13. Bh4 e5 14. Nf5 Ra7 15. Qg4 Ne6 16. Bxe6 Bxe6 17. Nxg7+ Bxg7 18. Qxg7 Rf8 19. Qf6 Qc7 20. Rb6 Rg8 21. Rd1 Kd7 22. Rbxd6+ Qxd6 23. Qe7+ 1-0

[Event "2nd Irena Warakomska Memorial-A"]
[Site "Suwalki"]
[Date "2018.08.01"]
[Round "1"]
[White "Debarshi, Mukherjee"]
[Black "Dmochowska, Agnieszka"]
[Result "1-0"]
[ECO "A15"]
[WhiteElo "2308"]
[BlackElo "2096"]
[Annotator "NA"]
[PlyCount "65"]
[EventDate "2018.08.01"]
[EventType "swiss"]
[EventCountry "POL"]
[SourceTitle "playchess.com"]
[Source "ChessBase"]
[SourceQuality "1"]
[TimeControl "40/5400+30:1800+30"]

1. c4 Nf6 2. g3 e6 3. Nf3 d5 4. d4 Bb4+ 5. Bd2 Be7 6. Bg2 O-O 7. O-O c6 8. Qc2 b6 9. Bf4 Ba6 10. cxd5 Nxd5 11. Rd1 Nd7 12. Nc3 Rc8 13. Rac1 Nxf4 14. gxf4 Qc7 15. e3 Bb7 16. Qa4 a6 17. Ne5 b5 18. Qc2 Nxe5 19. fxe5 c5 20. d5 exd5 21. Nxd5 Qxe5 22. Qf5 Bd6 23. Qxe5 Bxe5 24. Ne7+ Kh8 25. Nxc8 Bxc8 26. b3 g6 27. Rxc5 Bg7 28. Rc7 h5 29. Ra7 Be5 30. Bd5 Kg7 31. Rc1 Bf5 32. f4 Bb8 33. Rb7 1-0

[Event "2nd Irena Warakomska Memorial-A"]
[Site "Suwalki"]
[Date "2018.08.01"]
[Round "1"]
[White "Szustakowski, Antoni"]
[Black "Sliwerski, Radoslaw"]
[Result "1-0"]
[ECO "D38"]
[WhiteElo "2300"]
[BlackElo "1990"]
[Annotator "NA"]
[PlyCount "63"]
[EventDate "2018.08.01"]
[EventType "swiss"]
[EventCountry "POL"]
[SourceTitle "playchess.com"]
[Source "ChessBase"]
[SourceQuality "1"]
[TimeControl "40/5400+30:1800+30"]

1. d4 Nf6 2. c4 e6 3. Nf3 d5 4. Nc3 Bb4 5. cxd5 exd5 6. Bf4 c5 7. Rc1 O-O 8. e3 Nc6 9. Be2 Ne4 10. O-O Bxc3 11. bxc3 c4 12. Nd2 g5 13. Nxe4 gxf4 14. Nd2 fxe3 15. fxe3 f5 16. Rf3 Kh8 17. Nf1 b5 18. Ng3 Qe8 19. Qd2 Be6 20. Rcf1 Qg6 21. Bd1 Ne7 22. Qb2 a6 23. Qb1 Rfe8 24. Bc2 Qg5 25. Kh1 Rab8 26. Qb4 Ng6 27. Qd6 Nh4 28. R3f2 Bg8 29. Nxf5 Nxf5 30. Rxf5 Qd8 31. Qg3 b4 32. Rf7 1-0

[Event "2nd Irena Warakomska Memorial-A"]
[Site "Suwalki"]
[Date "2018.08.01"]
[Round "1"]
[White "Jaroch, Karol"]
[Black "Warakomski, Tomasz"]
[Result "1/2-1/2"]
[ECO "A20"]
[WhiteElo "2222"]
[BlackElo "2512"]
[Annotator "RC"]
[PlyCount "90"]
[EventDate "2018.08.01"]
[EventType "swiss"]
[EventCountry "POL"]
[SourceTitle "playchess.com"]
[Source "ChessBase"]
[SourceQuality "1"]
[TimeControl "40/5400+30:1800+30"]

1. c4 e5 2. g3 h5 3. Nf3 e4 4. Nd4 Nc6 5. Nxc6 dxc6 6. Bg2 Nf6 7. Nc3 Bf5 8. Qb3 Rb8 9. O-O Bc5 10. d3 exd3 11. exd3 O-O 12. Ne4 Nxe4 13. dxe4 Be6 14. Be3 Bxe3 15. Qxe3 Bxc4 16. Rfd1 Qf6 17. b3 Ba6 18. Qxa7 Rbd8 19. Qe3 Rd3 20. e5 Qf5 21. Rxd3 Qxd3 22. Qg5 Qd4 23. Re1 Qc3 24. Rc1 Qb2 25. Re1 Qxa2 26. Qxh5 Bd3 27. Qd1 Bc2 28. Qd7 Qa5 29. Re3 Qa1+ 30. Bf1 Qd1 31. e6 fxe6 32. Qxe6+ Kh8 33. Qe7 Rf6 34. Qxc7 Bxb3 35. Qxb7 Bc4 36. Qc8+ Kh7 37. Qh3+ Rh6 38. Qf5+ Rg6 39. Qh3+ Rh6 40. Qf5+ Rg6 41. Rd3 Bxd3 42. Qxd3 Qh5 43. Qb1 Kh8 44. Bd3 Re6 45. Bf1 Rg6 1/2-1/2

[Event "2nd Irena Warakomska Memorial-A"]
[Site "Suwalki"]
[Date "2018.08.01"]
[Round "1"]
[White "Ocytko, Andrzej"]
[Black "Cukrowski, Filip"]
[Result "0-1"]
[ECO "A05"]
[WhiteElo "2155"]
[BlackElo "2404"]
[Annotator "NA"]
[PlyCount "64"]
[EventDate "2018.08.01"]
[EventType "swiss"]
[EventCountry "POL"]
[SourceTitle "playchess.com"]
[Source "ChessBase"]
[SourceQuality "1"]
[TimeControl "40/5400+30:1800+30"]

1. Nf3 Nf6 2. g3 g6 3. b3 Bg7 4. Bb2 O-O 5. Bg2 d5 6. c4 c6 7. O-O Bf5 8. d4 Qc8 9. Nc3 Bh3 10. cxd5 Bxg2 11. Kxg2 cxd5 12. Rc1 Nc6 13. Ne5 Qe6 14. Nxc6 Qxc6 15. Na4 Qd6 16. Nc5 b6 17. Na6 Rac8 18. Qd3 Ne4 19. f3 Ng5 20. f4 Ne4 21. a4 h5 22. b4 Qe6 23. b5 h4 24. Nb4 Rc4 25. Rxc4 dxc4 26. Qe3 c3 27. d5 Qf5 28. Ba3 Nd2 29. Ra1 c2 30. Rc1 Nc4 31. Qf3 h3+ 32. Kf1 Nd2+ 0-1

[Event "2nd Irena Warakomska Memorial-A"]
[Site "Suwalki"]
[Date "2018.08.01"]
[Round "1"]
[White "Ulanowski, Karol"]
[Black "Tihonov, Jurij"]
[Result "1-0"]
[ECO "B94"]
[WhiteElo "2149"]
[BlackElo "2385"]
[Annotator "NA"]
[PlyCount "77"]
[EventDate "2018.08.01"]
[EventType "swiss"]
[EventCountry "POL"]
[SourceTitle "playchess.com"]
[Source "ChessBase"]
[SourceQuality "1"]
[TimeControl "40/5400+30:1800+30"]

1. e4 c5 2. Nf3 d6 3. d4 cxd4 4. Nxd4 Nf6 5. Nc3 a6 6. Bg5 Nbd7 7. Bc4 e6 8. Qe2 h6 9. Bh4 g5 10. Bg3 Ne5 11. Bb3 Qc7 12. h4 Rg8 13. hxg5 hxg5 14. O-O-O Bd7 15. f3 b5 16. a3 Rb8 17. f4 gxf4 18. Bxf4 Nfg4 19. Nf3 Qc5 20. Rh7 a5 21. Nxe5 dxe5 22. Qd2 Qc7 23. Bg5 a4 24. Nxb5 Rxb5 25. Bxe6 fxe6 26. Rxd7 Qc6 27. Ra7 Bd6 28. Bh4 Rb6 29. Qd3 Rf8 30. Qh3 Qxe4 31. Bg5 Rb7 32. Qh5+ Rbf7 33. Rxd6 Nf6 34. Rxe6+ Kd8 35. Rd6+ Ke8 36. Bxf6 Qf4+ 37. Kb1 Qf1+ 38. Rd1 Qxf6 39. Ra5 1-0

[Event "2nd Irena Warakomska Memorial-A"]
[Site "Suwalki"]
[Date "2018.08.01"]
[Round "1"]
[White "Harshini, A."]
[Black "Lewtak, Damian"]
[Result "1/2-1/2"]
[ECO "C12"]
[WhiteElo "2124"]
[BlackElo "2369"]
[Annotator "NA"]
[PlyCount "90"]
[EventDate "2018.08.01"]
[EventType "swiss"]
[EventCountry "POL"]
[SourceTitle "playchess.com"]
[Source "ChessBase"]
[SourceQuality "1"]
[TimeControl "40/5400+30:1800+30"]

1. e4 e6 2. d4 d5 3. Nc3 Nf6 4. Bg5 Bb4 5. e5 h6 6. Bd2 Bxc3 7. Bxc3 Ne4 8. Bd3 Nxc3 9. bxc3 c5 10. Nf3 Nc6 11. O-O Qa5 12. Qe1 Bd7 13. c4 dxc4 14. Bxc4 cxd4 15. Qxa5 Nxa5 16. Bb3 Nc6 17. Rad1 O-O-O 18. Rfe1 Kc7 19. Nxd4 Nxd4 20. Rxd4 Bc6 21. Red1 a5 22. f3 b5 23. Rxd8 Rxd8 24. Rxd8 Kxd8 25. a3 a4 26. Ba2 Bd5 27. Bb1 b4 28. axb4 a3 29. Kf2 a2 30. Bxa2 Bxa2 31. Ke3 Kc7 32. Kd4 Kb6 33. c4 Bb3 34. f4 Bd1 35. Ke3 f6 36. g3 fxe5 37. fxe5 Kc6 38. Kd2 Bg4 39. Ke3 Bh3 40. Kf2 Kd7 41. Ke3 Bf1 42. Kd4 Ke7 43. Kc5 Kf7 44. b5 Ke7 45. Kb4 Kd8 1/2-1/2

[Event "2nd Irena Warakomska Memorial-A"]
[Site "Suwalki"]
[Date "2018.08.01"]
[Round "1"]
[White "Walkusz, Witoslaw"]
[Black "Teclaf, Pawel"]
[Result "0-1"]
[ECO "B13"]
[WhiteElo "2121"]
[BlackElo "2362"]
[Annotator "NA"]
[PlyCount "66"]
[EventDate "2018.08.01"]
[EventType "swiss"]
[EventCountry "POL"]
[SourceTitle "playchess.com"]
[Source "ChessBase"]
[SourceQuality "1"]
[TimeControl "40/5400+30:1800+30"]

1. e4 c6 2. d4 d5 3. exd5 cxd5 4. Bd3 Nc6 5. c3 Qc7 6. h3 e6 7. Nf3 Bd6 8. O-O Nge7 9. Re1 Ng6 10. Nbd2 f6 11. Nf1 O-O 12. Qc2 Qf7 13. a3 e5 14. Bb5 e4 15. N3h2 f5 16. f3 Be6 17. Rd1 a6 18. Bxc6 bxc6 19. b4 Qc7 20. Bd2 f4 21. fxe4 dxe4 22. Qxe4 Bd5 23. Qd3 f3 24. c4 fxg2 25. cxd5 gxf1=Q+ 26. Nxf1 Qf7 27. Qe2 Rae8 28. Be3 Nf4 29. Qg4 h5 30. Bxf4 hxg4 31. Bxd6 Qf2+ 32. Kh1 Re2 33. Ne3 Qf3+ 0-1

[Event "2nd Irena Warakomska Memorial-A"]
[Site "Suwalki"]
[Date "2018.08.01"]
[Round "1"]
[White "Tarun, V Kanth"]
[Black "Punin, Andrii"]
[Result "1/2-1/2"]
[ECO "E20"]
[WhiteElo "2102"]
[BlackElo "2339"]
[Annotator "NA"]
[PlyCount "49"]
[EventDate "2018.08.01"]
[EventType "swiss"]
[EventCountry "POL"]
[SourceTitle "playchess.com"]
[Source "ChessBase"]
[SourceQuality "1"]
[TimeControl "40/5400+30:1800+30"]

1. d4 Nf6 2. c4 e6 3. Nc3 Bb4 4. f3 c5 5. d5 b5 6. e4 O-O 7. e5 Ne8 8. f4 exd5 9. cxd5 d6 10. Nf3 c4 11. a4 Nd7 12. Be2 Qb6 13. axb5 Nc7 14. Qd4 Qxd4 15. Nxd4 dxe5 16. Nc6 Nxd5 17. Bf3 e4 18. Nxb4 Nxc3 19. bxc3 exf3 20. gxf3 a5 21. bxa6 Nc5 22. Be3 Nxa6 23. Nxa6 Rxa6 24. Rxa6 Bxa6 25. Kf2 1/2-1/2

[Event "2nd Irena Warakomska Memorial-A"]
[Site "Suwalki"]
[Date "2018.08.01"]
[Round "1"]
[White "Maj, Pawel"]
[Black "Goluch, Piotr"]
[Result "1/2-1/2"]
[ECO "A45"]
[WhiteElo "2071"]
[BlackElo "2301"]
[Annotator "NA"]
[PlyCount "83"]
[EventDate "2018.08.01"]
[EventType "swiss"]
[EventCountry "POL"]
[SourceTitle "playchess.com"]
[Source "ChessBase"]
[SourceQuality "1"]
[TimeControl "40/5400+30:1800+30"]

1. d4 Nf6 2. Bg5 Ne4 3. Bf4 d5 4. e3 c5 5. Bd3 cxd4 6. Bxe4 dxe4 7. Qxd4 Qa5+ 8. Nc3 Nc6 9. Qxe4 Bf5 10. Qd5 Qxd5 11. Nxd5 O-O-O 12. Nc3 e5 13. Bg5 f6 14. e4 fxg5 15. exf5 Bb4 16. Nge2 Rhf8 17. a3 Ba5 18. b4 Bb6 19. Ne4 Rxf5 20. c3 g4 21. Rd1 Rxd1+ 22. Kxd1 Kd7 23. h3 gxh3 24. Rxh3 h6 25. Ke1 Ke6 26. Rd3 Rf7 27. Rd6+ Ke7 28. f3 Bc7 29. Rg6 Kf8 30. Nc5 Nd8 31. Ng3 b6 32. Ne6+ Nxe6 33. Rxe6 Rd7 34. Rc6 Bd8 35. Ke2 Kf7 36. Ne4 Be7 37. a4 h5 38. b5 g6 39. Nd2 Bg5 40. Nc4 Bf4 41. Nd6+ Kg7 42. Ne4 1/2-1/2

[Event "2nd Irena Warakomska Memorial-A"]
[Site "Suwalki"]
[Date "2018.08.02"]
[Round "2"]
[White "Warakomski, Tomasz"]
[Black "Zaika, Daniil"]
[Result "1/2-1/2"]
[ECO "B21"]
[WhiteElo "2512"]
[BlackElo "2213"]
[Annotator "ChessBase"]
[PlyCount "86"]
[EventDate "2018.08.01"]
[EventType "swiss"]
[EventCountry "POL"]
[SourceTitle "playchess.com"]
[Source "ChessBase"]
[SourceQuality "1"]
[TimeControl "40/5400+30:1800+30"]

1. e4 c5 2. f4 d5 3. exd5 Nf6 4. Nc3 Nxd5 5. Nf3 Nxc3 6. bxc3 g6 7. Bc4 Bg7 8. Ne5 O-O 9. O-O Nd7 10. Qe2 Nb6 11. Bb3 Qc7 12. a4 Bxe5 13. Qxe5 Qxe5 14. fxe5 c4 15. Ba2 Be6 16. Rb1 Rab8 17. Ba3 Rfe8 18. Bc5 Nd7 19. Bd4 Rec8 20. Rb4 b6 21. Rfb1 Rc6 22. a5 Rcc8 23. axb6 axb6 24. R1b2 Rc6 25. Ra4 Rbc8 26. Kf2 g5 27. Rb5 Kg7 28. Ke3 Kg6 29. d3 R8c7 30. Bxc4 Bxc4 31. Rxc4 Rxc4 32. dxc4 Rxc4 33. Rd5 Rc7 34. g4 h5 35. h3 hxg4 36. hxg4 f6 37. exf6 Nxf6 38. Bxf6 exf6 39. Kd3 Rc5 40. c4 Rc6 41. Kd4 Re6 42. c5 bxc5+ 43. Kxc5 Re4 1/2-1/2

[Event "2nd Irena Warakomska Memorial-A"]
[Site "Suwalki"]
[Date "2018.08.02"]
[Round "2"]
[White "Venkataraman, Karthik"]
[Black "Pietruszewski, Marcin"]
[Result "1-0"]
[ECO "A07"]
[WhiteElo "2501"]
[BlackElo "2208"]
[Annotator "ChessBase"]
[PlyCount "117"]
[EventDate "2018.08.01"]
[EventType "swiss"]
[EventCountry "POL"]
[SourceTitle "playchess.com"]
[Source "ChessBase"]
[SourceQuality "1"]
[TimeControl "40/5400+30:1800+30"]

1. Nf3 Nf6 2. g3 d5 3. Bg2 c6 4. O-O Bg4 5. d3 Nbd7 6. h3 Bxf3 7. Bxf3 e5 8. e4 dxe4 9. dxe4 Bc5 10. Qe2 O-O 11. Nd2 Qe7 12. a4 a5 13. Nc4 Rfd8 14. Bd2 Bb4 15. Be3 Ne8 16. Rfd1 Nd6 17. Nb6 Nxb6 18. Bxb6 Re8 19. Bg4 h5 20. Bxh5 Ra6 21. Be3 Nxe4 22. Qc4 Nf6 23. Bg5 Raa8 24. c3 Bd6 25. Rxd6 Qxd6 26. Bxf7+ Kf8 27. Bxe8 Rxe8 28. Be3 Qd5 29. Qe2 Kf7 30. Rd1 Qe4 31. b3 Rh8 32. Qc4+ Qxc4 33. bxc4 Ke6 34. Rb1 Ne4 35. Rxb7 Nxc3 36. Rxg7 Nxa4 37. h4 Nb2 38. Rg6+ Kf7 39. Rxc6 Ra8 40. Bc1 Nd3 41. Ba3 Rb8 42. Ra6 Rb3 43. Rxa5 Ke6 44. Kg2 Kf5 45. h5 Kg4 46. h6 e4 47. Kf1 Rb1+ 48. Ke2 Re1+ 49. Kd2 Rh1 50. Ra6 Nxf2 51. Ke3 Kxg3 52. Rg6+ Ng4+ 53. Kxe4 Re1+ 54. Kd5 Kf4 55. Bb2 Rh1 56. Bg7 Ne3+ 57. Kc5 Rc1 58. h7 Rxc4+ 59. Kb5 1-0

[Event "2nd Irena Warakomska Memorial-A"]
[Site "Suwalki"]
[Date "2018.08.02"]
[Round "2"]
[White "Cukrowski, Filip"]
[Black "Sadzikowski, Daniel"]
[Result "1/2-1/2"]
[ECO "E07"]
[WhiteElo "2404"]
[BlackElo "2575"]
[Annotator "ChessBase"]
[PlyCount "27"]
[EventDate "2018.08.01"]
[EventType "swiss"]
[EventCountry "POL"]
[SourceTitle "playchess.com"]
[Source "ChessBase"]
[SourceQuality "1"]
[TimeControl "40/5400+30:1800+30"]

1. c4 e6 2. g3 d5 3. Bg2 Nf6 4. Nf3 Be7 5. O-O O-O 6. d4 Nbd7 7. Nc3 dxc4 8. e4 b5 9. Nxb5 Bb7 10. Bf4 Bxe4 11. Bxc7 Qc8 12. Bd6 Qd8 13. Bc7 Qc8 14. Ba5 1/2-1/2

[Event "2nd Irena Warakomska Memorial-A"]
[Site "Suwalki"]
[Date "2018.08.02"]
[Round "2"]
[White "Lewtak, Damian"]
[Black "Tarun, V Kanth"]
[Result "1-0"]
[ECO "A45"]
[WhiteElo "2369"]
[BlackElo "2102"]
[Annotator "NA"]
[PlyCount "115"]
[EventDate "2018.08.01"]
[EventType "swiss"]
[EventCountry "POL"]
[SourceTitle "playchess.com"]
[Source "ChessBase"]
[SourceQuality "1"]
[TimeControl "40/5400+30:1800+30"]

1. d4 Nf6 2. Bf4 c5 3. d5 {[%emt 0:00:20] A45: Trompowsky Attack} (3. e3 e6 4. Nd2 d5 5. Ngf3 Nc6 6. c3 Be7 7. h3 Bd6 8. dxc5 Bxc5 9. Bd3 O-O 10. O-O Bd6 11. Bxd6 Qxd6 12. e4 Rd8 13. Bc2 dxe4 14. Nxe4 Qe7 15. Qe2 {1-0 (67) So,W (2778)-Caruana,F (2816) Paris 2018}) 3... d6 4. Nc3 g6 5. Nf3 Bg7 6. g3 a6 $146 ({Predecessor:} 6... Qa5 7. Bd2 b5 8. Ne4 b4 9. Nxf6+ Bxf6 10. a3 Bxb2 11. Ra2 Bc3 12. Bxc3 bxc3 {0-1 (30) Cupaban Bautista,S-De Arco,L Bucaramanga 2008}) 7. a4 O-O 8. Bg2 Nh5 9. Be3 e5 10. dxe6 fxe6 11. Ne4 d5 12. Nxc5 Bxb2 13. Rb1 Bc3+ 14. Bd2 Bxd2+ 15. Qxd2 Qc7 16. Qb4 b5 17. Nd4 Ng7 18. O-O Nc6 19. Nxc6 Qxc6 20. axb5 axb5 21. Qxb5 Qxb5 22. Rxb5 Ba6 23. Nxa6 Rxa6 24. Rc5 Ra4 25. e4 dxe4 26. Re1 e3 27. Rxe3 Ra1+ 28. Bf1 Nf5 29. Re4 Rd1 30. c3 Rb8 31. Kg2 Rb2 32. Bc4 Rdd2 33. Bxe6+ Kg7 {[%emt 0:00:38] [#]} 34. Rxf5 $14 (34. Rc7+ $1 $16 Kh6 35. Rf4 Ne3+ 36. Kf3) 34... gxf5 35. Rf4 Rbc2 36. c4 Rd6 37. Bxf5 Rc3 38. Rg4+ Kf6 39. Bxh7 Rd2 40. h4 Ra3 41. Bg8 Raa2 42. Rf4+ Kg7 43. Bd5 Ra1 44. g4 Rdd1 45. g5 Rh1 46. Kf3 Rhg1 47. Ke4 Rae1+ 48. Kd4 Re8 49. Kc5 Rc8+ 50. Kd6 Rc1 51. h5 Rd8+ 52. Ke7 Rc8 53. Rf7+ Kh8 54. g6 Rc7+ 55. Kd6 Rxf7 56. gxf7 Kg7 57. h6+ Kf8 58. h7 1-0

[Event "2nd Irena Warakomska Memorial-A"]
[Site "Suwalki"]
[Date "2018.08.02"]
[Round "2"]
[White "Grebeniuk, Semen"]
[Black "Maj, Pawel"]
[Result "1-0"]
[ECO "A05"]
[WhiteElo "2306"]
[BlackElo "1521"]
[Annotator "NA"]
[PlyCount "67"]
[EventDate "2018.08.01"]
[EventType "swiss"]
[EventCountry "POL"]
[SourceTitle "playchess.com"]
[Source "ChessBase"]
[SourceQuality "1"]
[TimeControl "40/5400+30:1800+30"]

1. Nf3 Nf6 2. g3 g6 3. Bg2 Bg7 4. O-O O-O 5. d3 d6 6. e4 c5 7. Nbd2 Nc6 8. c3 e5 9. a3 d5 10. b4 dxe4 11. Nxe4 Nxe4 12. dxe4 cxb4 13. axb4 Be6 14. b5 Nb8 15. Ba3 Qxd1 16. Rfxd1 Rc8 17. Ng5 Bd7 18. Bh3 Bxh3 19. Nxh3 Bf8 20. f3 Bxa3 21. Rxa3 Kf8 22. Rd5 f6 23. f4 exf4 24. Nxf4 Ke7 25. Rd4 Nd7 26. Rda4 Nc5 27. Rc4 g5 28. Nd5+ Ke6 29. b6 Kd6 30. bxa7 Rc6 31. Rb4 Ke5 32. Nb6 Rxb6 33. Rxb6 Kxe4 34. Ra5 1-0

[Event "2nd Irena Warakomska Memorial-A"]
[Site "Suwalki"]
[Date "2018.08.02"]
[Round "2"]
[White "Goluch, Piotr"]
[Black "Fiedorek, Michal"]
[Result "1-0"]
[ECO "D41"]
[WhiteElo "2301"]
[BlackElo "1970"]
[Annotator "ChessBase"]
[PlyCount "87"]
[EventDate "2018.08.01"]
[EventType "swiss"]
[EventCountry "POL"]
[SourceTitle "playchess.com"]
[Source "ChessBase"]
[SourceQuality "1"]
[TimeControl "40/5400+30:1800+30"]

1. d4 d5 2. Nf3 Nf6 3. c4 e6 4. Nc3 c5 5. cxd5 Nxd5 6. e3 Nxc3 7. bxc3 Be7 8. Bd3 O-O 9. Qc2 h6 10. Rb1 Qc7 11. O-O Nd7 12. Qe2 b6 13. e4 cxd4 14. cxd4 Bb7 15. Bd2 Rac8 16. Rfc1 Qb8 17. Re1 Rfd8 18. e5 Nf8 19. Be3 Qa8 20. Nd2 Rc3 21. Rb3 Rxb3 22. axb3 f5 23. exf6 Bxf6 24. Qg4 Kh8 25. Ne4 Bxd4 26. Ng5 Bxe3 27. Nf7+ Kg8 28. Nxd8 Bxf2+ 29. Kxf2 Qxd8 30. Bc4 Bd5 31. Qd4 Qg5 32. Bxd5 Qxd5 33. Qxd5 exd5 34. Re7 a6 35. Ke3 b5 36. Kd4 Ng6 37. Ra7 Nf4 38. Rxa6 Ne2+ 39. Kc5 d4 40. Rd6 Nc1 41. b4 d3 42. Kxb5 Kf7 43. Kc4 Ke7 44. Rd4 1-0

[Event "2nd Irena Warakomska Memorial-A"]
[Site "Suwalki"]
[Date "2018.08.02"]
[Round "2"]
[White "Szostko, Jakub"]
[Black "Wacior, Maciej"]
[Result "1/2-1/2"]
[ECO "B12"]
[WhiteElo "2299"]
[BlackElo "2081"]
[Annotator "NA"]
[PlyCount "47"]
[EventDate "2018.08.01"]
[EventType "swiss"]
[EventCountry "POL"]
[SourceTitle "playchess.com"]
[Source "ChessBase"]
[SourceQuality "1"]
[TimeControl "40/5400+30:1800+30"]

1. e4 c6 2. d4 d5 3. e5 c5 4. dxc5 Nc6 5. a3 Nxe5 6. b4 Nf6 7. Bb2 Ng6 8. Nf3 e6 9. g3 Be7 10. h4 h5 11. Be2 Qc7 12. Nc3 Bd7 13. Nb5 Qb8 14. Bd3 a6 15. Bxg6 Bxb5 16. Bd3 b6 17. Bxb5+ axb5 18. c6 Qc7 19. Qe2 Qxc6 20. Ne5 Qc7 21. Qxb5+ Kf8 22. Qc6 Qxc6 23. Nxc6 Rc8 24. Nxe7 1/2-1/2

[Event "2nd Irena Warakomska Memorial-A"]
[Site "Suwalki"]
[Date "2018.08.02"]
[Round "2"]
[White "Sliwicka, Alicja"]
[Black "Lewtak, Dominik"]
[Result "0-1"]
[ECO "B33"]
[WhiteElo "2293"]
[BlackElo "2177"]
[Annotator "RC"]
[PlyCount "110"]
[EventDate "2018.08.01"]
[EventType "swiss"]
[EventCountry "POL"]
[SourceTitle "playchess.com"]
[Source "ChessBase"]
[SourceQuality "1"]
[TimeControl "40/5400+30:1800+30"]

1. e4 c5 2. Nf3 Nc6 3. d4 cxd4 4. Nxd4 Nf6 5. Nc3 e5 6. Ndb5 d6 7. Bg5 a6 8. Na3 b5 9. Nd5 Be7 10. Bxf6 Bxf6 11. c4 b4 12. Nc2 O-O 13. g3 a5 14. h4 Be6 15. Bh3 a4 16. Kf1 b3 17. axb3 axb3 18. Nce3 Rxa1 19. Qxa1 Nd4 20. Kg2 g6 21. Qa7 Bxd5 22. Nxd5 Bg7 23. Ra1 Qb8 24. Qe7 Re8 25. Qg5 Nc2 26. Ra6 Ne1+ 27. Kf1 Nd3 28. Bd7 Rf8 29. Bb5 Nc5 30. Ra1 Nxe4 31. Qe3 Nc5 32. Bc6 e4 33. Nc3 Qb4 34. Bd5 Bxc3 35. bxc3 b2 36. Rb1 Qb3 37. Qd2 Na4 38. Kg2 Qxc3 39. Qxc3 Nxc3 40. Rxb2 Nxd5 41. cxd5 Kg7 42. Rb6 Rd8 43. Rb4 f5 44. f3 exf3+ 45. Kxf3 Kf6 46. Rb7 h5 47. Kf4 Ra8 48. Rd7 Ra4+ 49. Kf3 Ke5 50. Rg7 Rg4 51. Ra7 Kxd5 52. Ra5+ Ke6 53. Ra6 Ke5 54. Ra1 d5 55. Ra5 f4 0-1